IL
INDIANAPOLIS INDIANS @ LOUISVILLE BATS
08/02/2107
 
TOP OF THE 1ST
Indianapolis Indians batting - Pitching for Louisville Bats : RHP Eric Ryan
Pitching: RHP Eric Ryan
Batting: RHB Rich Goler 0-0: Foul Ball, location: 7LDF
0-1: Ball
1-1: Ball
2-1: Ball
3-1: Called Strike
3-2: Strikes out swinging
Batting: RHB Drew Dietzel 0-0: Foul Ball, location: 9LSF
0-1: Ball
1-1: Swinging Strike
1-2: Foul Ball, location: 2F
1-2: Ball
2-2: Strikes out swinging
Batting: LHB Miguel Patlan 0-0: Called Strike
0-1: Foul Ball, location: 25F
0-2: Strikes out swinging
Top of the 1st over - 0 runs, 0 hits, 0 errors, 0 left on base; Indianapolis 0 - Louisville 0
BOTTOM OF THE 1ST
Louisville Bats batting - Pitching for Indianapolis Indians : RHP Josh Ramsey
Pitching: RHP Josh Ramsey
Batting: RHB Jacob McGrath 0-0: Foul Ball, location: 5DF
0-1: Foul Ball, location: 25F
0-2: Strikes out swinging
Batting: RHB Javy Castaneda 0-0: Ball
1-0: Called Strike
1-1: Ball
2-1: Foul Ball, location: 23FF
2-2: Strikes out swinging
Batting: RHB Danny Blanchard 0-0: Ball
1-0: Fly out, F4 (Popup, 34, EV 62.5 MPH)
Bottom of the 1st over - 0 runs, 0 hits, 0 errors, 0 left on base; Indianapolis 0 - Louisville 0
TOP OF THE 2ND
Indianapolis Indians batting - Pitching for Louisville Bats : RHP Eric Ryan
Batting: RHB Vinny Morales 0-0: Ball
1-0: Foul Ball, location: 5F
1-1: Foul Ball, location: 9LMF
1-2: Ball
2-2: Fly out, F3 (Popup, 23F, EV 87.5 MPH)
Batting: RHB Eric Holmes 0-0: Ball
1-0: Called Strike
1-1: Foul Ball, location: 2F
1-2: Ball
2-2: Foul Ball, location: 9LDF
2-2: Ball
3-2: SINGLE (Line Drive, 4MD, EV 99.4 MPH)
Batting: RHB Jason Ryan 0-0: Ball
1-0: Ball
2-0: Foul Ball, location: 9LMF
2-1: Called Strike
2-2: Foul Ball, location: 7LSF
2-2: Strikes out swinging
Batting: RHB Jason Welsh 0-0: Ball
1-0: Ball
2-0: Called Strike
2-1: Foul Ball, location: 5FF
2-2: SINGLE (Groundball, 6MD, EV 103.1 MPH)
Eric Holmes to second
Batting: SHB Nick Gibilisco 0-0: Ball
1-0: Called Strike
1-1: Foul Ball, location: 2F
1-2: Foul Ball, location: 2F
1-2: SINGLE (Groundball, 34D, EV 98.1 MPH)
Eric Holmes to third
Jason Welsh to second
Runner from 3rd tries for Home, SAFE, throw by RF to home
Jason Welsh to third
Nick Gibilisco to second
Batting: RHB T.J. Gove 0-0: Foul Ball, location: 2F
0-1: Foul Ball, location: 3F
0-2: Strikes out swinging
Top of the 2nd over - 1 run, 3 hits, 0 errors, 2 left on base; Indianapolis 1 - Louisville 0
BOTTOM OF THE 2ND
Louisville Bats batting - Pitching for Indianapolis Indians : RHP Josh Ramsey
Batting: LHB Steve Lunstrum 0-0: Called Strike
0-1: Called Strike
0-2: Foul Ball, location: 7LMFF
0-2: DOUBLE (Line Drive, 7LD, EV 105.6 MPH)
Batting: RHB Jim Hall 0-0: Ball
1-0: Ball
2-0: Ground out 3-1 (Groundball, 34, EV 85.0 MPH)
Steve Lunstrum to third
Batting: RHB Jahlani Strubhar 0-0: Called Strike
0-1: Called Strike
0-2: Strikes out swinging
Batting: LHB Jon Kuduk 0-0: Called Strike
0-1: Ball
1-1: Ball
2-1: Foul Ball, location: 9LMF
2-2: Strikes out looking and he ARGUES THE CALL AND IS TOSSED!
Bottom of the 2nd over - 0 runs, 1 hit, 0 errors, 1 left on base; Indianapolis 1 - Louisville 0
TOP OF THE 3RD
Indianapolis Indians batting - Pitching for Louisville Bats : RHP Eric Ryan
Now at 1B: Mike Knighten
Batting: RHB Rich Goler 0-0: Ground out 6-3 (Groundball, 6S, EV 87.5 MPH)
Batting: RHB Drew Dietzel 0-0: Foul Ball, location: 9LMF
0-1: DOUBLE (Line Drive, 89D, EV 108.1 MPH)
Batting: LHB Miguel Patlan 0-0: Called Strike
0-1: Ball
1-1: Ball
2-1: Foul Ball, location: 23F
2-2: Foul Ball, location: 7LMF
2-2: Ball
3-2: Base on Balls
Batting: RHB Vinny Morales 0-0: Foul Ball, location: 2F
0-1: Ball
1-1: Fly out, F7 (Line Drive, 7, EV 96.3 MPH)
Batting: RHB Eric Holmes 0-0: Called Strike
0-1: Ball
1-1: Foul Ball, location: 2F
1-2: Foul Ball, location: 23FF
1-2: Ball
2-2: Foul Ball, location: 9LDF
2-2: SINGLE (Groundball, 5D, EV 101.3 MPH)
Drew Dietzel to third
Miguel Patlan to second
Runner from 3rd tries for Home, SAFE, throw by LF to home
Batting: RHB Jason Ryan 0-0: Called Strike
0-1: Ball
1-1: Foul Ball, location: 7LSF
1-2: Fly out, F3 (Line Drive, 3, EV 73.1 MPH)
Top of the 3rd over - 1 run, 2 hits, 0 errors, 2 left on base; Indianapolis 2 - Louisville 0
BOTTOM OF THE 3RD
Louisville Bats batting - Pitching for Indianapolis Indians : RHP Josh Ramsey
Batting: RHB Randy Bracero 0-0: Foul Ball, location: 25F
0-1: Ball
1-1: Foul Ball, location: 2F
1-2: Foul Ball, location: 2F
1-2: Ball
2-2: Foul Ball, location: 9LSF
2-2: Ball
3-2: Strikes out swinging
Batting: RHB Bobby Rossi 0-0: Foul Ball, location: 3F
0-1: Ball
1-1: Foul Ball, location: 2F
1-2: Ground out 5-3 (Groundball, 5, EV 85.0 MPH)
Batting: RHB Jacob McGrath 0-0: Ball
1-0: Called Strike
1-1: Ball
2-1: Ball
3-1: Fly out, F6 (Popup, 6M, EV 63.8 MPH)
Bottom of the 3rd over - 0 runs, 0 hits, 0 errors, 0 left on base; Indianapolis 2 - Louisville 0
TOP OF THE 4TH
Indianapolis Indians batting - Pitching for Louisville Bats : RHP Eric Ryan
Batting: RHB Jason Welsh 0-0: Ball
1-0: Ball
2-0: Ball
3-0: Called Strike
3-1: Foul Ball, location: 5FF
3-2: Fly out, F5 (Line Drive, 5L, EV 66.3 MPH)
Batting: SHB Nick Gibilisco 0-0: Swinging Strike
0-1: Ball
1-1: Ball
2-1: Foul Ball, location: 7LDF
2-2: Foul Ball, location: 7LSF
2-2: Ball
3-2: Base on Balls
Batting: RHB T.J. Gove 0-0: Ball
1-0: SINGLE (Line Drive, 4D, EV 101.3 MPH)
Nick Gibilisco to second
Batting: RHB Rich Goler 0-0: Ball
1-0: Ball
2-0: Called Strike
2-1: Ball
3-1: SINGLE (Line Drive, 89S, EV 103.1 MPH)
Nick Gibilisco to third
T.J. Gove to second
Runner from 3rd tries for Home, SAFE, throw by RF to home
Batting: RHB Drew Dietzel 0-0: Ball
1-0: Ball
2-0: Foul Ball, location: 3DF
2-1: Ball
3-1: Base on Balls
T.J. Gove to third
Rich Goler to second
Batting: LHB Miguel Patlan 0-0: Foul Ball, location: 25FF
0-1: Grounds into double play, 4-2-3 (Groundball, 4, EV 88.8 MPH)
Top of the 4th over - 1 run, 2 hits, 0 errors, 2 left on base; Indianapolis 3 - Louisville 0
BOTTOM OF THE 4TH
Louisville Bats batting - Pitching for Indianapolis Indians : RHP Josh Ramsey
Batting: RHB Javy Castaneda 0-0: Called Strike
0-1: Ball
1-1: Ball
2-1: Ball
3-1: SINGLE (Line Drive, 8RS, EV 110.6 MPH)
Batting: RHB Danny Blanchard 0-0: Called Strike
0-1: Fly out, F6 (Line Drive, 6, EV 70.6 MPH)
Lined into DP, 6-3 (Line Drive, 6, EV 70.6 MPH)
Batting: LHB Steve Lunstrum 0-0: Ground out 5-3 (Groundball, 5, EV 83.1 MPH)
Bottom of the 4th over - 0 runs, 1 hit, 0 errors, 0 left on base; Indianapolis 3 - Louisville 0
TOP OF THE 5TH
Indianapolis Indians batting - Pitching for Louisville Bats : RHP Eric Ryan
Batting: RHB Vinny Morales 0-0: Called Strike
0-1: Ball
1-1: Ball
2-1: Fly out, F8 (Flyball, 8RM, EV 96.3 MPH)
Batting: RHB Eric Holmes 0-0: Ball
1-0: Called Strike
1-1: Foul Ball, location: 9LDF
1-2: Strikes out swinging
Batting: RHB Jason Ryan 0-0: Foul Ball, location: 2F
0-1: Ball
1-1: Foul Ball, location: 9LSF
1-2: Ball
2-2: Strikes out looking
Top of the 5th over - 0 runs, 0 hits, 0 errors, 0 left on base; Indianapolis 3 - Louisville 0
BOTTOM OF THE 5TH
Louisville Bats batting - Pitching for Indianapolis Indians : RHP Josh Ramsey
Batting: RHB Jim Hall 0-0: Ground out 4-3 (Groundball, 34D, EV 110.0 MPH)
Batting: RHB Jahlani Strubhar 0-0: Called Strike
0-1: Swinging Strike
0-2: Ball
1-2: Foul Ball, location: 2F
1-2: Ground out 5-3 (Groundball, 56S, EV 86.3 MPH)
Batting: SHB Mike Knighten 0-0: Ball
1-0: Swinging Strike
1-1: Ball
2-1: Foul Ball, location: 7LDF
2-2: Foul Ball, location: 9LSF
2-2: Ball
3-2: Strikes out swinging
Bottom of the 5th over - 0 runs, 0 hits, 0 errors, 0 left on base; Indianapolis 3 - Louisville 0
TOP OF THE 6TH
Indianapolis Indians batting - Pitching for Louisville Bats : RHP Eric Ryan
Batting: RHB Jason Welsh 0-0: Foul Ball, location: 2LF
0-1: Ball
1-1: SINGLE (Line Drive, 4D, EV 103.8 MPH)
Batting: SHB Nick Gibilisco 0-0: Ball
1-0: Called Strike
1-1: Swinging Strike
1-2: Strikes out swinging
Batting: RHB T.J. Gove 0-0: Ball
1-0: Ball
2-0: Ball
3-0: Called Strike
3-1: Grounds into double play, 5-4-3 (Groundball, 56S, EV 81.9 MPH)
Top of the 6th over - 0 runs, 1 hit, 0 errors, 0 left on base; Indianapolis 3 - Louisville 0
BOTTOM OF THE 6TH
Louisville Bats batting - Pitching for Indianapolis Indians : RHP Josh Ramsey
Batting: RHB Randy Bracero 0-0: Called Strike
0-1: SINGLE (Line Drive, 3D, EV 95.6 MPH)
Batting: RHB Bobby Rossi 0-0: Grounds into double play, 5-4-3 (Groundball, 5, EV 80.6 MPH)
Batting: RHB Jacob McGrath 0-0: Foul Ball, location: 9LDF
0-1: Ball
1-1: Ball
2-1: Swinging Strike
2-2: Ball
3-2: Strikes out looking
Bottom of the 6th over - 0 runs, 1 hit, 0 errors, 0 left on base; Indianapolis 3 - Louisville 0
TOP OF THE 7TH
Indianapolis Indians batting - Pitching for Louisville Bats : RHP Eric Ryan
Batting: RHB Rich Goler 0-0: Ball
1-0: Foul Ball, location: 2F
1-1: Ground out 4-3 (Groundball, 4MS, EV 91.3 MPH)
Batting: RHB Drew Dietzel 0-0: Called Strike
0-1: Ball
1-1: Swinging Strike
1-2: Ball
2-2: Foul Ball, location: 2F
2-2: Ball
3-2: Base on Balls
Batting: LHB Miguel Patlan 0-0: Ball
1-0: Swinging Strike
1-1: Called Strike
Drew Dietzel steals 2nd base
1-2: SINGLE (Line Drive, 34D, EV 104.4 MPH)
Drew Dietzel to third
Batting: RHB Vinny Morales 0-0: Ball
1-0: Ground out 5-3 (Groundball, 5, EV 84.4 MPH)
Miguel Patlan to second
Batting: RHB Eric Holmes 0-0: Ball
1-0: Called Strike
1-1: Ball
2-1: Ball
3-1: Fly out, F6 (Line Drive, 6MD, EV 68.1 MPH)
Top of the 7th over - 0 runs, 1 hit, 0 errors, 2 left on base; Indianapolis 3 - Louisville 0
BOTTOM OF THE 7TH
Louisville Bats batting - Pitching for Indianapolis Indians : RHP Josh Ramsey
Now at 1B: Drew Dietzel
Now at 3B: Sean Carpenter
Batting: RHB Javy Castaneda 0-0: Ball
1-0: Called Strike
1-1: Ball
2-1: Ground out 6-3 (Groundball, 6S, EV 66.3 MPH)
Batting: RHB Danny Blanchard 0-0: Ball
1-0: Ball
2-0: Ground out 6-3 (Groundball, 6, EV 87.5 MPH)
Batting: LHB Steve Lunstrum 0-0: Ball
1-0: Called Strike
1-1: Called Strike
1-2: Strikes out swinging
Bottom of the 7th over - 0 runs, 0 hits, 0 errors, 0 left on base; Indianapolis 3 - Louisville 0
TOP OF THE 8TH
Indianapolis Indians batting - Pitching for Louisville Bats : RHP Eric Ryan
Pitching: LHP Aaron Heddings
Batting: RHB Sean Carpenter 0-0: Called Strike
0-1: Ball
1-1: Ball
2-1: Foul Ball, location: 2F
2-2: Foul Ball, location: 9LMF
2-2: Foul Ball, location: 3F
2-2: SINGLE (Line Drive, 4D, EV 106.3 MPH)
Batting: RHB Jason Welsh 0-0: Foul Ball, location: 3SF
0-1: Foul Ball, location: 5DF
0-2: Ball
1-2: Foul Ball, location: 2F
1-2: Ball
2-2: Grounds into double play, 5-4-3 (Groundball, 56S, EV 78.1 MPH)
Batting: SHB Nick Gibilisco 0-0: Called Strike
0-1: Foul Ball, location: 2F
0-2: SINGLE (Groundball, 34D, EV 108.1 MPH)
Batting: RHB T.J. Gove 0-0: Fly out, F9 (Flyball, 9LD, EV 93.1 MPH)
Top of the 8th over - 0 runs, 2 hits, 0 errors, 1 left on base; Indianapolis 3 - Louisville 0
BOTTOM OF THE 8TH
Louisville Bats batting - Pitching for Indianapolis Indians : RHP Josh Ramsey
Batting: RHB Jim Hall 0-0: Fly out, F3 (Line Drive, 3, EV 68.1 MPH)
Batting: RHB Jahlani Strubhar 0-0: Called Strike
0-1: Swinging Strike
0-2: Ball
1-2: SOLO HOME RUN (Flyball, 9D, EV 99.4 MPH), Distance : 367 ft
Pitching: RHP Justin LaRose
Batting: SHB Mike Knighten 0-0: Called Strike
0-1: Ball
1-1: Foul Ball, location: 23F
1-2: SOLO HOME RUN (Flyball, 9LD, EV 96.3 MPH), Distance : 348 ft
Batting: RHB Randy Bracero 0-0: Foul Ball, location: 3FF
0-1: Foul Ball, location: 3F
0-2: Strikes out swinging
Pinch Hitting: LHB John Costa 0-0: Ball
1-0: Foul Ball, location: 2F
1-1: Swinging Strike
1-2: Ball
2-2: Ball
3-2: Foul Ball, location: 7LDF
3-2: Strikes out looking
Bottom of the 8th over - 2 runs, 2 hits, 0 errors, 0 left on base; Indianapolis 3 - Louisville 2
TOP OF THE 9TH
Indianapolis Indians batting - Pitching for Louisville Bats : LHP Aaron Heddings
Pitching: RHP Mel Valdez
Now at 2B: John Costa
Batting: RHB Rich Goler 0-0: Ball
1-0: Ball
2-0: Called Strike
2-1: Ball
3-1: Base on Balls
Batting: RHB Drew Dietzel 0-0: Foul Ball, location: 9LSF
0-1: Ball
1-1: Ball
2-1: Ball
3-1: Called Strike
3-2: Grounds into double play, 6-4-3 (Groundball, 6, EV 90.6 MPH)
Batting: LHB Miguel Patlan 0-0: Ball
1-0: Ball
2-0: Foul Ball, location: 2F
2-1: Foul Ball, location: 2F
2-2: Ball
3-2: DOUBLE (Flyball, 8RXD, EV 101.3 MPH)
Batting: RHB Vinny Morales 0-0: Ball
1-0: SINGLE (Line Drive, 6MD, EV 95.6 MPH)
Miguel Patlan to third
Runner from 3rd tries for Home, SAFE, throw by CF to home
Batting: RHB Eric Holmes 0-0: Foul Ball, location: 23FF
0-1: SINGLE (Groundball, 6MD, EV 108.1 MPH)
Vinny Morales to second
Batting: RHB Sean Carpenter 0-0: Called Strike
0-1: Ball
1-1: Foul Ball, location: 2F
1-2: Foul Ball, location: 2F
1-2: Foul Ball, location: 9LDF
1-2: Strikes out looking
Top of the 9th over - 1 run, 3 hits, 0 errors, 2 left on base; Indianapolis 4 - Louisville 2
BOTTOM OF THE 9TH
Louisville Bats batting - Pitching for Indianapolis Indians : RHP Justin LaRose
Pitching: RHP Mike Hansen
Batting: RHB Jacob McGrath 0-0: Ground out 6-3 (Groundball, 56, EV 103.1 MPH)
Pinch Hitting: LHB Kevin Martin 0-0: Called Strike
0-1: Ball
1-1: Ball
2-1: Ball
3-1: Ground out 4-3 (Groundball, P, EV 86.9 MPH)
Batting: RHB Danny Blanchard 0-0: Foul Ball, location: 2F
0-1: Swinging Strike
0-2: Ball
1-2: Ball
2-2: Foul Ball, location: 25F
2-2: Ground out 5-3 (Groundball, 5S, EV 69.4 MPH)
Bottom of the 9th over - 0 runs, 0 hits, 0 errors, 0 left on base; Indianapolis 4 - Louisville 2
Sunday, February 16th , 2025 - OOTP Baseball 25.11 Build 103